 Dungeon Crawl Stone Soup version 0.13-a0-2923-g04ac8d1 (webtiles) character file.

350 Misa the Sneak (level 5, -1/24 HPs)
             Began as a Spriggan Enchanter on Sept 2, 2013.
             Slain by an orc priest
             ... wielding a -1,+1 orcish hand axe
              (6 damage)
             ... on Level 4 of the Dungeon.
             The game lasted 00:09:17 (2855 turns).

Misa the Sneak (Spriggan Enchanter)                 Turns: 2855, Time: 00:09:17

HP  -1/24        AC  3     Str  5      XL: 5   Next: 85%
MP  16/16        EV 18     Int 16      God:
Gold 103         SH  0     Dex 17      Spells:  2 memorised,  8 levels left

Res.Fire  : . . .   See Invis. : +   k - +1,+2 short sword (venom)
Res.Cold  : . . .   Warding    : .   b - +1 robe
Life Prot.: . . .   Conserve   : .   (shield restricted)
Res.Poison: .       Res.Corr.  : .   v - +0 wizard hat
Res.Elec. : .       Clarity    : .   (no cloak)
Sust.Abil.: . .     Spirit.Shd : .   (gloves unavailable)
Res.Mut.  : .       Stasis     : .   (boots unavailable)
Res.Rott. : .       Flight     : .   (no amulet)
Saprovore : . . .                    (no ring)
                                     (no ring)

@: very quick, somewhat resistant to hostile enchantments, very stealthy
A: unfitting armour, see invisible, herbivore 3, speed 3, slow metabolism 2
a: no special abilities


You were on level 4 of the Dungeon.
You were very full.

You visited 1 branch of the dungeon, and saw 4 of its levels.

You collected 83 gold pieces.

Inventory:

Hand weapons
 a - a +1,+1 dagger {=f}
 k - a +1,+2 short sword of venom (weapon)
Missiles
 d - 51 darts (quivered)
 w - 12 darts of dispersal
Armour
 b - a +1 robe (worn)
 v - a +0 wizard hat (worn)
Comestibles
 t - 2 bread rations
Scrolls
 f - 2 scrolls of identify {unknown}
 l - a scroll of enchant weapon I {unknown}
 m - 2 scrolls of magic mapping {unknown}
 p - 5 scrolls of remove curse {unknown}
 q - 2 scrolls of blinking {unknown}
 s - a scroll of random uselessness {unknown}
 x - a scroll of teleportation {unknown}
Jewellery
 o - an uncursed amulet of resist corrosion {unknown}
Potions
 e - a potion of porridge
 g - a potion of curing
 h - a potion of cure mutation {unknown}
 i - 2 potions of heal wounds {unknown}
 j - a potion of paralysis {unknown}
 n - a potion of restore abilities {unknown}
 r - a potion of speed {unknown}
 u - a potion of degeneration {unknown}
Books
 c - a book of Maledictions

   Spells                             Type                      Level
   *Corona                            Hexes                        1
   Sure Blade                         Hexes/Charms                 2
   *Ensorcelled Hibernation           Hexes/Ice                    2
   Confuse                            Hexes                        3
   Enslavement                        Hexes                        4
   Invisibility                       Hexes                        6


   Skills:
 + Level 3.1 Short Blades
 - Level 1.1 Throwing
 - Level 3.0 Dodging
 * Level 6.2 Stealth
 + Level 3.5 Spellcasting
 + Level 4.7 Hexes


You had 8 spell levels left.
You knew the following spells:

 Your Spells              Type           Power        Failure   Level  Hunger
a - Corona                Hex            ###....      2%          1    None
b - Ensorcelled Hibernat  Hex/Ice        ##....       12%         2    ##.....


Dungeon Overview and Level Annotations

Branches:
Dungeon (4/27)
 Temple: D:4-7

Altars:
Kikubaaqudgha
Makhleb
Zin

Shops:
D:4 (

Annotations:
D:2 Terence


Innate Abilities, Weirdness & Mutations

You are tiny and cannot use many weapons and most armour.
You have supernaturally acute eyesight.
You are a herbivore.
You cover ground extremely quickly.
You need consume almost no food.


Message History

You see here an adder corpse.
You hit the orc priest.
The orc priest is poisoned.
The orc priest is moderately wounded.
The orc priest complains loudly.
The orc priest's eyes start to glow.
You hit the orc priest but do no damage.
The orc priest is moderately wounded.
The orc priest barely misses you.
You closely miss the orc priest.
The orc priest is moderately wounded.
The orc priest mumbles some strange prayers to Beogh against you.
Something smites you!
You barely miss the orc priest.
The orc priest is moderately wounded.
The orc priest hits you with an orcish hand axe!
* * * LOW HITPOINT WARNING * * *
You hit the orc priest.
The orc priest looks even sicker.
The orc priest is heavily wounded.
The orc priest hits you with an orcish hand axe.
You die...

....(......
.#..........#
.(.............
#...............
#..............⌠
#...............∩
.........[......⌠.
........<)........
.......).@........
#........o.......
..............#.
.####...........
#...........
...........
...........
......... ...


You could see an orc priest.

Vanquished Creatures
  Sigmund (D:3)
  An orc wizard (D:3)
  An iguana (D:3)
  Jessica (D:2)
  3 adders
  A giant mite (D:2)
  2 giant geckos
  9 orcs
  4 bats
  A giant cockroach (D:1)
  12 goblins
  6 hobgoblins
  4 kobolds
  2 oozes
  6 giant newts
  4 jackals (D:3)
  A quokka (D:2)
  6 rats
65 creatures vanquished.

Vanquished Creatures (others)
  An orc (D:4)
1 creature vanquished.

Grand Total: 66 creatures vanquished

Notes
Turn   | Place    | Note
--------------------------------------------------------------
     0 | D:1      | Misa, the Spriggan Enchanter, began the quest for the Orb.
     0 | D:1      | Reached XP level 1. HP: 9/9 MP: 4/4
   271 | D:1      | Reached XP level 2. HP: 4/13 MP: 6/6
   956 | D:2      | Reached skill level 4 in Hexes
  1037 | D:2      | Reached XP level 3. HP: 14/16 MP: 9/9
  1280 | D:2      | Noticed Jessica
  1288 | D:2      | Killed Jessica
  1352 | D:2      | Noticed Terence
  1429 | D:1      | Learned a level 2 spell: Ensorcelled Hibernation
  1983 | D:3      | Noticed Sigmund
  1993 | D:3      | Killed Sigmund
  1993 | D:3      | Reached skill level 5 in Stealth
  1993 | D:3      | Reached XP level 4. HP: 13/21 MP: 10/13
  2047 | D:3      | Reached XP level 5. HP: 17/24 MP: 15/15
  2336 | D:3      | Found a glowing silver altar of Zin.
  2336 | D:3      | Found an ancient bone altar of Kikubaaqudgha.
  2337 | D:3      | Found a burning altar of Makhleb.
  2633 | D:4      | Found Isapitt's Weapon Shop.
  2646 | D:3      | Reached skill level 6 in Stealth
  2855 | D:4      | Slain by an orc priest

Action                   |  1- 3 |  4- 6 || total
-------------------------+-------+-------++-------
Melee: Dagger            |    52 |       ||    52
       Short sword       |    60 |    66 ||   126
Throw: Dart              |    21 |     4 ||    25
 Cast: Corona            |     1 |       ||     1
  Use: Potion            |     1 |       ||     1
 Stab: Sleeping          |     6 |     4 ||    10
       Distracted        |     1 |       ||     1
